AoeStats
← VakorTV

Arena

505513751Analyzed
4v4 RM · 22d ago on Sep 9, 2026· 27m 44s· 8 players
Game mode
Random Map
Map size
Large (8 player)
Population
200
Speed
Normal
Resources
Standard
Victory
Conquest
Starting age
Dark Age
Ending age
Imperial Age
RankedLock teamsTeams togetherTeam positionsShared explorationLock speedFull tech treeHidden civsTurbo modeCheats
Victory
Defeat
🇦🇷 Spanish · Argentina
1266
+14
🇨🇳 Romans · China
1233
+16
🇬🇧 Mongols · United Kingdom
1203
+17
🇹🇼 Turks · Taiwan
1072
+23
🇹🇷 Malay · Türkiye
1252
-19
🇦🇷 Lithuanians · Argentina
1230
-18
🇮🇹 Burmese · Italy
1215
-17
🇫🇷 Hindustanis · France
1179
-16
jueaadjx
11:37 Feudal Age
16:19 Castle Age
14:51 Double-Bit Axe
19:17 Loom
22:36 Imperial Age
21:55 Gold Mining
25:46 Scale Barding Armor
26:31 Bloodlines
iz012552
11:15 Feudal Age
14:46 Castle Age
13:01 Double-Bit Axe
13:12 Horse Collar
13:49 Loom
TheLegendOfTheSuperheroBunny
9:22 Feudal Age
13:41 Castle Age
11:42 Double-Bit Axe
12:07 Horse Collar
19:17 Loom
21:47 Stone Mining
22:43 Gold Mining
23:59 Wheelbarrow
24:31 Bow Saw
26:32 Hand Cart
26:19 Fletching
27:24 Bodkin Arrow
27:30 Padded Archer Armor
28:23 Ballistics
435589836
0:51 Loom
10:29 Feudal Age
14:31 Castle Age
12:32 Double-Bit Axe
15:13 Wheelbarrow
20:06 Gold Mining
VakorTV
9:43 Feudal Age
14:09 Castle Age
12:18 Double-Bit Axe
12:16 Horse Collar
14:43 Wheelbarrow
20:41 Bow Saw
22:59 Loom
23:20 Gold Mining
25:00 Gold Shaft Mining
28:17 Imperial Age
26:02 Scale Barding Armor
27:02 Chain Barding Armor
27:04 Hand Cart
27:57 Forging
28:01 Husbandry
28:11 Bloodlines
bindella
8:03 Loom
8:27 Loom
10:38 Feudal Age
10:45 Feudal Age
10:55 Feudal Age
11:57 Town Watch
15:34 Castle Age
13:38 Horse Collar
20:24 Gold Mining
23:26 Wheelbarrow
Marianob04
5:09 Loom
9:44 Feudal Age
14:27 Castle Age
12:53 Double-Bit Axe
15:54 Bloodlines
22:44 Husbandry
25:15 Scale Barding Armor
RifRaf
8:27 Loom
10:32 Feudal Age
15:40 Castle Age
13:48 Double-Bit Axe
13:53 Horse Collar
14:22 Stone Mining
16:10 Bow Saw
19:06 Town Watch
30:13 Imperial Age
Connection lost

Rejoining the realm…

Still unreachable

The connection could not be restored.

Session expired

The server has moved on; the page needs a fresh start.